 Dungeon Crawl Stone Soup version 0.31-a0-431-g88bdf31460 (webtiles) character file.

Game seed: 7338472506104098508

193 Hubris850 the Trooper (level 5, -1/44 (47) HPs)
             Began as a Hill Orc Fighter on July 31, 2023.
             Slain by a wight
             ... wielding a +0 dire flail
              (6 damage)
             ... on level 3 of the Dungeon.
             The game lasted 00:03:27 (2230 turns).

Hubris850 the Trooper (Hill Orc Fighter)            Turns: 2230, Time: 00:03:28

HP:   -1/44 (47)    AC:  7    Str: 21    XL:     5   Next: 72%
MP:   5/5           EV: 10    Int:  8    God:
Gold: 132           SH:  4    Dex: 10    Spells: 4/4 levels left

rFire   . . .        a - +0 war axe
rCold   . . .        c - +0 buckler
rNeg    + . .        b - +0 scale mail
rPois   .            (no helmet)
rElec   .            (no cloak)
rCorr   .            (no gloves)
SInv    .            (no boots)
Will    .....        (no amulet) Stlth
                     i - ring of flight
HPRegen 0.27/turn    k - ring of positive energy
MPRegen 0.09/turn

%: no passive effects
@: mighty, flying, drained
A: no striking features
a: no special abilities


You were on level 3 of the Dungeon.
You visited 1 branch of the dungeon, and saw 3 of its levels.

You collected 132 gold pieces.

Inventory:

Hand Weapons
 a - a +0 war axe (weapon)
Armour
 b - a +0 scale mail (worn)
 c - a +0 buckler (worn)
Jewellery
 i - a ring of flight (left hand)
 k - a ring of positive energy (right hand)
Scrolls
 f - a scroll of teleportation {unknown}
 h - 5 scrolls of identify {unknown}
 l - 2 scrolls of immolation {unknown}
 m - a scroll of blinking {unknown}
 n - a scroll of poison {unknown}
 o - a scroll of acquirement {unknown}
 q - a scroll of vulnerability {unknown}
Potions
 e - 2 potions of attraction {unknown}
 g - a potion of curing {unknown}
 j - a potion of invisibility {unknown}
 p - a potion of haste {unknown}


   Skills:
 + Level 4.6 Fighting
 + Level 4.1 Axes
 + Level 4.2 Armour
 + Level 1.6 Dodging
 + Level 4.2 Shields


You had 4 spell levels left.
You didn't know any spells.
Your spell library was empty.

Dungeon Overview and Level Annotations

Branches:
Dungeon (3/15)

Altars:
Vehumet

Shops:
D:2 (


Message History

Your Armour skill increases to level 4!
Your Shields skill increases to level 4!
You have reached level 5!
You feel stronger.
You start resting.
HP restored.
Things that are here:
a +0 mace; a +0 robe
Found 5 gold pieces. 3 wights come into view.
You slash the wight!
The wight is severely damaged.
The wight hits you with a +3 long sword!
You partially resist.
You feel drained. The wight closely misses you.
You barely miss the wight.
The wight is severely damaged.
The wight hits you with a +3 long sword!
The wight barely misses you.
You hit the wight.
You destroy the wight!
You block the wight's attack.
The wight hits you from afar with a +0 halberd!
You partially resist.
You feel drained.
Your life force feels restored.
Your Axes skill increases to level 4!
The wight hits you with a +0 halberd!
* * * LOW HITPOINT WARNING * * *
You partially resist.
You feel drained.
Things that are here:
a +3 long sword; a +0 robe You feel very mighty all of a sudden.
The wight hits you but does no damage. The wight hits you with a +0 halberd!
* * * LOW HITPOINT WARNING * * *
You partially resist.
You feel drained.
* * * LOW HITPOINT WARNING * * *
You slash the wight!
The wight is heavily damaged.
You slash the wight!
The wight hits you with a +0 dire flail.
You die...

##...## ##+# ###
#.# ..# #.# # #.#
#######.##
#.#.###.(<##...##
#.#.##...)......#
#..z)......#...##
###@##.....##.##
#z##.....##.#####.
#.##.###..........
..##.# #.##.######
####.$...##.#
########.#
#########.# ###
#.........# #..
#.#######.# #.#


You could see 2 wights.

Vanquished Creatures
  2 wights (D:3)
  3 adders
  3 worms
  A dart slug (D:1)
  An orc (D:3)
  6 bats
  2 endoplasms
  2 giant cockroaches
  6 hobgoblins
  6 jackals
  A quokka (D:2)
  7 ball pythons
  2 frilled lizards (D:3)
  5 kobolds
  3 rats (D:1)
50 creatures vanquished.

Notes
Turn   | Place    | Note
-------+----------+-------------------------------------------
     0 | D:1      | Hubris850 the Hill Orc Fighter began the quest for the Orb.
     0 | D:1      | Reached XP level 1. HP: 19/19 MP: 1/1
   215 | D:1      | Reached XP level 2. HP: 27/27 MP: 2/2
   861 | D:2      | Reached XP level 3. HP: 26/33 MP: 3/3
  1203 | D:2      | Found a radiant altar of Vehumet.
  1398 | D:2      | Found Qitodeg's Weapon Boutique.
  1495 | D:2      | Reached skill level 1 in Dodging
  1582 | D:2      | Reached XP level 4. HP: 40/40 MP: 4/4
  2150 | D:3      | Reached XP level 5. HP: 30/47 MP: 5/5
  2230 | D:3      | Slain by a wight

Illustrated notes

Levels and vault maps discovered:
D:1:      amcnicky_arrival_wind_blow, layout_basic
D:2:      layout_basic, serial_shops, nicolae_shop_tiny_real_fake_doors,
          basic_altar
D:3:      layout_loops_corners, minmay_misc_feat_chi

Skill      XL: |  1  2  3  4  5 |
---------------+----------------+-----
Axes           | 3 4 |  4.1
Fighting       | 4 |  4.6
Dodging        | 1 |  1.6
Armour         | 4 |  4.2
Shields        | 4 |  4.2

Action                     |  1- 3 |  4- 6 || total
---------------------------+-------+-------++-------
  Melee: War axe           |   113 |    46 ||   159
    Use: Potion            |       |     1 ||     1
 Armour: Scale mail        |    56 |    21 ||    77
  Dodge: Dodged            |    52 |    12 ||    64
  Block: Buckler           |    26 |    13 ||    39

Table legend: (Time is in decaauts)
 A = Elapsed time spent in this place.
 B = Non-inter-level travel time spent in this place.
 C = Inter-level travel time spent in this place.
 D = Time resting spent in this place.
 E = Time spent auto-exploring this place.
 F = Levels seen in this place.
 G = Mean time per level.
                   A        B        C        D        E       F      G
               +--------+--------+--------+--------+--------+-----+--------+
         Total |   2287 |   2204 |     83 |     63 |   1749 |   3 |  762.3 |
       Dungeon |   2287 |   2204 |     83 |     63 |   1749 |   3 |  762.3 |
               +--------+--------+--------+--------+--------+-----+--------+

Top non-repeatable levels by time:
     D:2: 881 daAuts
     D:1: 801 daAuts
     D:3: 604 daAuts
